AoeStats
← 破破助

Arena

510744183Analyzed
2v2 RM · 18h ago on Oct 2, 2026· 46m 49s· 4 players
Game mode
Random Map
Map size
Medium (4 player)
Population
200
Speed
Normal
Resources
Standard
Victory
Conquest
Starting age
Dark Age
Ending age
Imperial Age
RankedLock teamsTeams togetherTeam positionsShared explorationLock speedFull tech treeHidden civsTurbo modeCheats
Victory
Defeat
🇧🇪 Japanese · Belgium
952
+13
🇺🇾 Chinese · Uruguay
925
+29
🇨🇳 Spanish · China
879
-36
🇨🇳 Malians · China
879
-36
Overlord
12:50 Feudal Age
13:59 Double-Bit Axe
13:57 Horse Collar
20:28 Castle Age
18:51 Stone Mining
18:59 Gold Mining
21:40 Heavy Plow
22:34 Forging
27:14 Scale Mail Armor
27:50 Iron Casting
32:28 Chain Mail Armor
32:50 Wheelbarrow
32:01 Town Watch
34:08 Fletching
38:44 Imperial Age
36:30 Hand Cart
40:26 Elite Samurai
41:26 Conscription
42:08 Blast Furnace
41:39 Plate Mail Armor
43:03 Bow Saw
43:20 Capped Ram
45:34 Spies/Treason
polybyus1999
11:01 Feudal Age
12:02 Double-Bit Axe
12:10 Horse Collar
20:21 Castle Age
19:16 Fletching
19:29 Padded Archer Armor
20:44 Forging
20:36 Scale Mail Armor
21:40 Town Watch
21:40 Crossbowman
26:34 Bodkin Arrow
27:46 Thumb Ring
31:29 Gold Mining
32:48 Ballistics
33:49 Wheelbarrow
36:22 Squires
36:08 Arson
37:37 Gold Shaft Mining
37:16 Bow Saw
39:11 Iron Casting
38:51 Chain Mail Armor
38:54 Leather Archer Armor
39:34 Heavy Plow
45:17 Imperial Age
46:19 Elite Chu Ko Nu
47:05 Bracer
48:07 Chemistry
47:40 Ring Archer Armor
纵欲的猫
10:36 Loom
13:55 Feudal Age
16:10 Horse Collar
16:22 Double-Bit Axe
16:29 Gold Mining
16:33 Stone Mining
21:30 Wheelbarrow
24:30 Castle Age
27:30 Scale Mail Armor
27:37 Padded Archer Armor
27:56 Forging
45:38 Heavy Plow
破破助
12:17 Feudal Age
12:44 Double-Bit Axe
13:38 Wheelbarrow
14:00 Horse Collar
25:25 Castle Age
23:52 Scale Barding Armor
24:08 Padded Archer Armor
24:20 Scale Mail Armor
24:35 Forging
24:16 Fletching
24:30 Stone Mining
24:31 Gold Mining
27:50 Bow Saw
27:42 Heavy Plow
28:05 Hand Cart
30:23 Chain Barding Armor
30:22 Leather Archer Armor
34:14 Bodkin Arrow
Connection lost

Rejoining the realm…

Still unreachable

The connection could not be restored.

Session expired

The server has moved on; the page needs a fresh start.